 Dungeon Sprint DCSS version 0.30.1-11-g7821555f0a (webtiles) character file.

Game seed: 18378074710990966070

8528 Groucho the Eclecticist (level 11, -19/41 (47) HPs)
             Began as a Spriggan Earth Elementalist on Nov 5, 2023.
             Was the Champion of Vehumet.
             Killed from afar by an eidolon (21 damage)
             ... with a bolt of negative energy
             ... in the Dungeon (Sprint VII: "The Pits").
             The game lasted 00:26:09 (8098 turns).

Groucho the Eclecticist (SpEE)                      Turns: 8098, Time: 00:26:10

HP:   -19/41 (47)   AC:  3    Str:  4    XL:     11   Next: 11%
MP:   28/32         EV: 25    Int: 21    God:    Vehumet [******]
Gold: 0             SH:  0    Dex: 16    Spells: 11/42 levels left

rFire   . . .        (weapon restricted)
rCold   . . .        (no shield)
rNeg    . . .        a - +0 robe
rPois   .            (helmet restricted)
rElec   .            r - +0 cloak
rCorr   .            (gloves unavailable)
SInv    +            (boots unavailable)
Will    +....        (no amulet)
Stlth   ++           (no ring)
HPRegen 0.26/turn    (no ring)
MPRegen 0.23/turn

%: no teleportation
@: heavily drained, very quick
A: very small, no large weapons, unfitting armour, see invisible, speed 3
a: Renounce Religion


You were in the Dungeon.
You worshipped Vehumet.
Vehumet was exalted by your worship.
You visited 1 branch

Inventory:

Hand Weapons
 h - a +0 giant spiked club
 l - a +1 quarterstaff of protection
Armour
 a - a +0 robe (worn)
 r - a +0 cloak (worn)
Jewellery
 m - a +3 ring of intelligence
 n - a +3 ring of strength
Scrolls
 g - a scroll of blinking
 j - 5 scrolls of amnesia
 k - a scroll of butterflies
Potions
 b - 4 potions of magic
 c - 6 potions of curing
 d - 2 potions of heal wounds
 f - 3 potions of berserk rage
 i - 2 potions of invisibility
 o - 2 potions of might
 p - a potion of brilliance
 q - 2 potions of mutation


   Skills:
 + Level 12.9 Dodging
 - Level 3.0 Stealth
 * Level 16.4 Spellcasting
 * Level 10.8 Conjurations
 - Level 1.3 Transmutations
 + Level 2.1 Ice Magic
 * Level 8.5 Air Magic
 * Level 13.1 Earth Magic


You had 11 spell levels left.
You knew the following spells:

 Your Spells              Type           Power      Damage    Failure   Level
a - Sandblast             Erth           100%       2d20      0%          1
b - Shock                 Conj/Air       100%       1d9       1%          1
c - Stone Arrow           Conj/Erth      100%       3d13      1%          3
d - Airstrike             Air            26%        2d(4-20)  1%          4
e - Orb of Destruction    Conj           29%        9d9       10%         7
f - Ozocubu's Refrigerat  Ice            13%        4d10      94%         7
g - Maxwell's Capacitive  Air            26%        ∞         82%         8

Your spell library contained the following spells:

 Spells                   Type           Power      Damage    Failure   Level
 Shatter                  Erth           32%        3d26*     97%         9
 Chain Lightning          Conj/Air       27%        3d36      100%        9
 Polar Vortex             Ice            13%        N/A       100%        9
 Passwall                 Tmut/Erth      39%        N/A       1%          2
 Petrify                  Tmut/Erth      47%        N/A       1%          4


Dungeon Overview and Level Annotations

Branches:
Dungeon (1/1)

Altars:
Ashenzari
Cheibriados
Dithmenos
Elyvilon
Fedhas
Gozag
Hepliaklqana
Kikubaaqudgha
Makhleb
Nemelex Xobeh
Okawaru
Qazlal
Ru
Sif Muna
Trog
Uskayaw
Vehumet
Wu Jian
Xom
Yredelemnul
Zin
The Shining One
Jiyva
Lugonu


Innate Abilities, Weirdness & Mutations

You are very small and have problems with some larger weapons.
You are too small for most types of armour.
You have supernaturally acute eyesight. (SInv)
You cover ground extremely quickly. (Speed+++)


Message History

Aim: a wraith (heavily damaged, 78% to hit)
The stone arrow hits the wraith!
The wraith is almost destroyed.
Unknown command.
Unknown command.
Unknown command.
Casting: Stone Arrow (safe; 1% risk of failure)
Confirm with . or Enter, or press ? or * to list all spells.
Aiming: Stone Arrow (safe; 1% risk of failure)
Press: ? - help, Shift-Dir - straight line, f/p - wraith
Aim: a wraith (almost destroyed, 78% to hit)
The stone arrow hits the wraith!!
You destroy the wraith!
Vehumet accepts your kill.
You feel your power returning.
Unknown command.
There is an open door here.
There is a large open door here.
You start resting.
An eidolon is nearby!
Casting: Stone Arrow (safe; 1% risk of failure)
Confirm with . or Enter, or press ? or * to list all spells.
Aiming: Stone Arrow (safe; 1% risk of failure)
Press: ? - help, Shift-Dir - straight line, f - eidolon
Aim: an eidolon (wandering, hasn't noticed you, 78% to hit)
The stone arrow hits the eidolon.
The eidolon is lightly damaged.
The eidolon gives a chilling moan.
Unknown command.
Unknown command.
The eidolon stares piercingly at you. The bolt of negative energy hits you!!!
You feel drained.
Ouch! That really hurt!
* * * LOW HITPOINT WARNING * * *
Things that are here:
a +0 short sword; a +0 chain mail The eidolon stares piercingly at you.
The bolt of negative energy hits you!!
You feel drained.
Ouch! That really hurt!
You die...

####'##................#
)))'.##......#..#......#
####.##................+
))..).).))..)..........+
#'#####......#..#......#
.....##......).).......#
####'#####'#####')######
.....##.......##)'##### ########
.....##.......##@)....# #.......
##'####.......##.))...# #......
.....##...<...###..).## ####...#
...).##.......# ##''## ###..'...'
.....##.......###....###....##'##
#######.......##.....W#....##...#
..#..###########......'....'..)..
..#.############......#....##...#
#.#)#....#..[[###....###..).##'##


You could see an eidolon.

Vanquished Creatures
  An anaconda (D)
  2 flayed ghosts (D)
  A bog body (D)
  A lindwurm (D)
  A deep elf pyromancer (D)
  An elephant (D)
  A cane toad (D)
  2 rime drakes (D)
  2 komodo dragons (D)
  A red devil (D)
  A hornet (D)
  3 blink frogs (D)
  A snapping turtle (D)
  A spriggan (D)
  2 wraiths (D)
  A wyvern (D)
  A flying skull (D)
  A fire bat (D)
  A basilisk (D)
  A redback (D)
  4 vampire mosquitoes (D)
  A water moccasin (D)
  A swamp drake (D)
  An orc warrior (D)
  An ogre (D)
  A centaur (D)
  A small abomination (D)
  2 gnoll sergeants (D)
  A quasit (D)
  A hound (D)
  3 orc priests (D)
  A gnoll bouda (D)
  2 orc wizards (D)
  An iguana (D)
  14 gnolls (D)
  2 river rats (D)
  A white imp (D)
  2 ufetubi (D)
  A worm (D)
  6 orcs (D)
  A giant cockroach (D)
  A hobgoblin (D)
  3 jackals (D)
  2 quokkas (D)
  2 bats (D)
  A frilled lizard (D)
  A jackal skeleton (D)
  A kobold (D)
  A quokka zombie (D)
86 creatures vanquished.

Notes
Turn   | Place    | Note
-------+----------+-------------------------------------------
     0 | D        | Groucho the Spriggan Earth Elementalist began the quest for
                  | the Orb.
     0 | D        | Reached XP level 1. HP: 9/9 MP: 5/5
    40 | D        | Found a bloodstained altar of Trog.
    40 | D        | Found a shimmering blue altar of Sif Muna.
    40 | D        | Found a viscous altar of Jiyva.
    40 | D        | Found a hazy altar of Hepliaklqana.
    40 | D        | Found an opulent altar of Gozag.
    41 | D        | Found a glowing golden altar of the Shining One.
    41 | D        | Found a glowing silver altar of Zin.
    41 | D        | Found a basalt altar of Yredelemnul.
    41 | D        | Found a shimmering altar of Xom.
    41 | D        | Found an ornate altar of the Wu Jian Council.
    41 | D        | Found a sacrificial altar of Ru.
    41 | D        | Found a stormy altar of Qazlal.
    41 | D        | Found an iron altar of Okawaru.
    41 | D        | Found a sparkling altar of Nemelex Xobeh.
    41 | D        | Found a burning altar of Makhleb.
    41 | D        | Found a blossoming altar of Fedhas.
    41 | D        | Found a white marble altar of Elyvilon.
    41 | D        | Found a shadowy altar of Dithmenos.
    41 | D        | Found a snail-covered altar of Cheibriados.
    43 | D        | Found a radiant altar of Vehumet.
    43 | D        | Found a corrupted altar of Lugonu.
    44 | D        | Found a hide-covered altar of Uskayaw.
    44 | D        | Found an ancient bone altar of Kikubaaqudgha.
    44 | D        | Found a broken altar of Ashenzari.
    55 | D        | Became a worshipper of Vehumet
    87 | D        | Reached skill level 3 in Spellcasting
   302 | D        | Reached * piety under Vehumet
   302 | D        | Offered knowledge of Shock by Vehumet.
   303 | D        | Reached skill level 1 in Conjurations
   308 | D        | Learned a level 1 spell: Shock
   522 | D        | Noticed an ogre
   543 | D        | Killed an ogre
   543 | D        | Reached ** piety under Vehumet
   543 | D        | Offered knowledge of Freeze by Vehumet.
   544 | D        | Reached skill level 5 in Dodging
   544 | D        | Reached skill level 6 in Spellcasting
   544 | D        | Reached skill level 5 in Earth Magic
   544 | D        | Reached XP level 2. HP: 13/13 MP: 2/10
   544 | D        | Reached XP level 3. HP: 16/16 MP: 2/11
   544 | D        | Reached XP level 4. HP: 21/21 MP: 2/13
   971 | D        | Learned a level 3 spell: Stone Arrow
  1366 | D        | Noticed a gnoll sergeant
  1366 | D        | Noticed a gnoll sergeant
  1380 | D        | Offered knowledge of Frozen Ramparts by Vehumet.
  1406 | D        | Killed a gnoll sergeant
  1406 | D        | Reached *** piety under Vehumet
  1407 | D        | Reached skill level 7 in Spellcasting
  1407 | D        | Reached skill level 1 in Air Magic
  1407 | D        | Reached XP level 5. HP: 24/24 MP: 3/15
  1435 | D        | Reached **** piety under Vehumet
  1471 | D        | Reached skill level 8 in Spellcasting
  1478 | D        | Reached XP level 6. HP: 28/28 MP: 4/18
  1492 | D        | Reached skill level 5 in Conjurations
  1499 | D        | Noticed a fire bat
  1548 | D        | Reached ***** piety under Vehumet
  2038 | D        | Killed a fire bat
  2038 | D        | Offered knowledge of Airstrike by Vehumet.
  2039 | D        | Reached skill level 9 in Spellcasting
  2044 | D        | Learned a level 4 spell: Airstrike
  2301 | D        | Offered knowledge of Iskenderun's Mystic Blast by Vehumet.
  2303 | D        | Noticed a hornet
  2305 | D        | Paralysed by a hornet for 1 turns
  2309 | D        | Killed a hornet
  2310 | D        | Reached skill level 10 in Spellcasting
  2310 | D        | Reached XP level 7. HP: 20/32 MP: 15/21
  2546 | D        | Offered knowledge of Lee's Rapid Deconstruction by Vehumet.
  2920 | D        | Noticed an elephant
  2920 | D        | Noticed a snapping turtle
  2927 | D        | Killed a snapping turtle
  2928 | D        | Reached skill level 11 in Spellcasting
  2928 | D        | Reached XP level 8. HP: 25/36 MP: 15/24
  2968 | D        | Killed an elephant
  2968 | D        | Offered knowledge of Freezing Cloud by Vehumet.
  2970 | D        | Reached skill level 5 in Air Magic
  3333 | D        | Reached skill level 12 in Spellcasting
  3361 | D        | Offered knowledge of Orb of Destruction by Vehumet.
  3540 | D        | Learned a level 7 spell: Orb of Destruction
  3569 | D        | Noticed a demonic crawler
  3569 | D        | Noticed a flayed ghost
  3832 | D        | Killed a flayed ghost
  3833 | D        | Reached skill level 10 in Dodging
  3833 | D        | Reached skill level 10 in Earth Magic
  3833 | D        | Reached XP level 9. HP: 20/39 MP: 24/26
  4099 | D        | Noticed a red devil
  4099 | D        | Noticed a cane toad
  4137 | D        | Reached skill level 13 in Spellcasting
  4138 | D        | Killed a cane toad
  4142 | D        | Killed a red devil
  4443 | D        | Noticed a lindwurm
  4467 | D        | Reached ****** piety under Vehumet
  4467 | D        | Offered knowledge of Plasma Beam by Vehumet.
  4580 | D        | Noticed a deep elf pyromancer
  4583 | D        | Killed a deep elf pyromancer
  4584 | D        | Reached skill level 14 in Spellcasting
  4644 | D        | Noticed a komodo dragon
  4681 | D        | Reached XP level 10. HP: 44/44 MP: 12/29
  4687 | D        | Killed a lindwurm
  4693 | D        | Offered knowledge of Iron Shot by Vehumet.
  5141 | D        | Reached skill level 15 in Spellcasting
  5145 | D        | Noticed a flayed ghost
  5153 | D        | Killed a flayed ghost
  5154 | D        | Reached skill level 10 in Conjurations
  5217 | D        | Offered knowledge of Ozocubu's Refrigeration by Vehumet.
  6326 | D        | Learned a level 7 spell: Ozocubu's Refrigeration
  6335 | D        | Offered knowledge of Maxwell's Capacitive Coupling by
                  | Vehumet.
  6525 | D        | Noticed an anaconda
  6545 | D        | Killed an anaconda
  6546 | D        | Reached skill level 16 in Spellcasting
  6546 | D        | Reached skill level 1 in Ice Magic
  7070 | D        | Learned a level 8 spell: Maxwell's Capacitive Coupling
  7115 | D        | Reached XP level 11. HP: 47/47 MP: 11/32
  7155 | D        | Offered knowledge of Shatter by Vehumet.
  7155 | D        | Offered knowledge of Chain Lightning by Vehumet.
  7155 | D        | Offered knowledge of Polar Vortex by Vehumet.
  7671 | D        | Noticed a bog body
  7686 | D        | Killed a bog body
  8006 | D        | Noticed an eidolon
  8096 | D        | HP: 1/43 [eidolon/bolt of negative energy (42)]
  8098 | D        | Killed from afar by an eidolon

Illustrated notes

Levels and vault maps discovered:
D:        pitsprint [storerooms_1, entrance_room_1, metal_vault_2, armoury_2,
          mini_pit_1, grid_room_1, main_hall_1, silver_pit, the_coven_1,
          the_vestibule_1, steel_vault_1, golden_pit, hallway_of_sentries,
          crystal_vault_3, iron_vault_2, final_vault]

Skill      XL: |  1  2  3  4  5  6  7  8  9 10 11 |
---------------+----------------------------------+-----
Dodging        | 5 6 8 10 11 12 | 12.9
Spellcasting   | 6 7 8 10 11 12 14 16 | 16.4
Earth Magic    | 5 6 8 10 11 12 13 | 13.1
Conjurations   | 3 4 6 8 9 10 | 10.8
Air Magic      | 1 2 4 5 6 8 |  8.5
Ice Magic      | 1 2 |  2.1
Stealth        | |  3.0
Transmutations | |  1.3

Action                     |  1- 3 |  4- 6 |  7- 9 | 10-12 || total
---------------------------+-------+-------+-------+-------++-------
   Cast: Sandblast         |    14 |    32 |    36 |    17 ||    99
         Shock             |     1 |    12 |    14 |    28 ||    55
         Stone Arrow       |       |     5 |    38 |    44 ||    87
         Airstrike         |       |       |     5 |     3 ||     8
         Orb of Destructio |       |       |     1 |     2 ||     3
    Use: Potion            |       |     2 |     4 |     4 ||    10
 Armour: Robe              |       |     1 |     3 |       ||     4
  Dodge: Dodged            |     4 |    24 |    47 |    26 ||   101
